 Dungeon Crawl Stone Soup version 0.30-a0-859-gf88a04b62d (webtiles) character file.

Game seed: 9455626056666487617

5385 BubbleThief the Fighter (level 10, -8/82 HPs)
             Began as a Demonspawn Necromancer on Mar 6, 2023.
             Was a Believer of Kikubaaqudgha.
             Mangled by an orc warrior
             ... wielding a +0 short sword of electrocution
              (19 damage)
             ... on level 9 of the Dungeon.
             The game lasted 00:16:29 (9234 turns).

BubbleThief the Fighter (Demonspawn Necromancer)    Turns: 9234, Time: 00:16:30

Health: -8/82      AC:  7    Str: 12    XL:     10   Next: 39%
Magic:  2/14       EV: 22    Int: 17    God:    Kikubaaqudgha [**....]
Gold:   444        SH:  0    Dex: 18    Spells: 7/15 levels left

rFire   + . .      SeeInvis +    A - +11 short sword of Watchfulness {heavy, rF+ rC+ Str+4}
rCold   + . .      Faith    .    (no shield)
rNeg    . . .      Spirit   .    v - +2 robe {Archmagi}
rPois   .          Reflect  .    (no helmet)
rElec   .          Rampage  .    (no cloak)
rCorr   .          Archmagi +    (no gloves)
Will    .....                    s - +0 pair of boots
Stlth   ++                       (no amulet)
HPRegen 0.33/turn                t - ring of see invisible
MPRegen 0.14/turn                w - +5 ring of evasion

@: animating dead
A: molten scales 1, demonic guardian 3, demonic touch 1
a: Renounce Religion, Unearth Wretches


You were on level 9 of the Dungeon.
You worshipped Kikubaaqudgha.
Kikubaaqudgha was pleased with you.
You visited 2 branches of the dungeon, and saw 10 of its levels.
You also visited: Ossuary.

You collected 444 gold pieces.

Inventory:

Hand Weapons
 A - the +11 short sword of Watchfulness (weapon) {heavy, rF+ rC+ Str+4}
   (You found it on level 7 of the Dungeon)

   Str:       It affects your strength (+4).
   rF:        It protects you from fire.
   rC:        It protects you from cold.
Armour
 d - the +3 ring mail of the Tortured God {+Inv}
   (You took it off an orc on level 8 of the Dungeon)

   +Inv:      It lets you turn invisible.
 s - a +0 pair of boots (worn)
 v - a +2 robe of the Archmagi (worn)
Jewellery
 t - a ring of see invisible (left hand)
 w - a +5 ring of evasion (right hand)
 B - a ring of wizardry
Wands
 a - a wand of quicksilver (3)
 y - a wand of iceblast (9)
Scrolls
 f - 6 scrolls of blinking
 k - 6 scrolls of identify
 m - 2 scrolls of teleportation
 o - 2 scrolls of torment {unknown}
 p - a scroll of silence {unknown}
 r - 2 scrolls of immolation {unknown}
 u - 4 scrolls of fear {unknown}
 x - 2 scrolls of enchant armour {unknown}
 C - 3 scrolls of amnesia {unknown}
Potions
 b - 4 potions of magic
 e - a potion of cancellation {unknown}
 g - 2 potions of might {unknown}
 h - 4 potions of attraction
 i - 3 potions of flight
 j - 3 potions of ambrosia
 l - 2 potions of haste
 n - 2 potions of mutation {unknown}
 q - 3 potions of curing
 z - 3 potions of heal wounds {unknown}


   Skills:
 + Level 8.5 Fighting
 + Level 7.8 Short Blades
 + Level 8.1 Dodging
 - Level 1.7 Stealth
 - Level 3.0 Spellcasting
 - Level 6.0 Necromancy


You had 7 spell levels left.
You knew the following spells:

 Your Spells              Type           Power      Damage    Failure   Level
a - Necrotise             Necr           100%       1d9       1%          1
b - Vampiric Draining     Necr           34%        2d8       4%          3
c - Animate Dead          Necr           34%        N/A       14%         4

Your spell library contained the following spells:

 Spells                   Type           Power      Damage    Failure   Level
 Sublimation of Blood     Necr           34%        N/A       2%          2
 Cigotuvi's Dreadful Rot  Necr/Pois/Air  28%        N/A       12%         2
 Magic Dart               Conj           12%        1d3       17%         1
 Blink                    Tloc           6%         N/A       26%         2
 Call Imp                 Summ           3%         N/A       26%         2
 Ensorcelled Hibernation  Hex/Ice        6%         N/A       26%         2
 Lesser Beckoning         Tloc           6%         N/A       26%         2
 Momentum Strike          Conj/Tloc      6%         3d8       26%         2
 Passwall                 Tmut/Erth      2%         N/A       26%         2
 Poisonous Vapours        Pois/Air       6%         N/A       26%         2
 Agony                    Necr           34%        N/A       38%         5
 Kindle Blastsparks       Fire/Tloc/Air  6%         2d10      45%         3
 Mephitic Cloud           Conj/Pois/Air  3%         N/A       45%         3
 Swiftness                Air            3%         N/A       45%         3
 Fulminant Prism          Conj/Hex       1%         3d5       86%         4
 Iskenderun's Mystic Bla  Conj/Tloc      3%         2d3       86%         4
 Lee's Rapid Deconstruct  Erth           1%         3d4*      99%         5


Dungeon Overview and Level Annotations

Branches:
Dungeon (9/15)             Temple (1/1) D:5         Ossuary (visited)
   Lair: D:8-11         Orc: D:9-12

Altars:
Ashenzari
Cheibriados
Dithmenos
Gozag
Kikubaaqudgha
Okawaru
Ru
Sif Muna
Trog
Uskayaw
Vehumet
Wu Jian
Yredelemnul

Shops:
D:1 (

Annotations:
D:9 Erolcha


Innate Abilities, Weirdness & Mutations

You are partially covered in molten scales. (AC +2)
A powerful demonic guardian rushes to your aid.
Your touch may inflict minor irresistible damage on your foes.


Message History

An orc is nearby!
You are too injured to fight recklessly!
You are too injured to fight recklessly!
You barely miss the orc. The orc misses you.
You puncture the orc!
You kill the orc!
Kikubaaqudgha accepts your kill.
The dead are walking!
You hit the orc warrior but do no damage.
The orc warrior misses you.
You puncture the orc warrior!
The orc warrior is moderately wounded.
Your orc zombie completely misses the orc warrior.
You completely miss the orc warrior.
The orc warrior is moderately wounded.
The orc warrior hits your orc zombie with a +0 short sword of electrocution!
Your orc zombie is destroyed!
You hit the orc warrior.
The orc warrior is moderately wounded.
The orc priest mumbles some strange prayers to Beogh against you.
You struggle to resist.
The orc warrior hits you with a +0 short sword of electrocution.
You are electrocuted!!
* * * LOW HITPOINT WARNING * * *
A demonic guardian appears!
You puncture the orc priest!
You kill the orc priest!
Kikubaaqudgha accepts your kill.
The dead are walking!
The orc warrior closely misses you.
Your sun demon hits the orc!!
The orc dies!
Kikubaaqudgha accepts your kill.
The dead are walking!
You puncture the orc warrior!
The orc warrior is severely wounded.
The orc warrior hits you with a +0 short sword of electrocution.
* * * LOW HITPOINT WARNING * * *
You are electrocuted!!
You die...
Kikubaaqudgha rasps: "You have failed me!
Welcome... death!"

##################.o))......
........#.......#ooooo....ยง.
.....>..#.......#.o#)o.#...#
........#.......#.o##8## #
........#.......#..#####
........#.......#......#
........#[......#..o...#
....#########...##o###'####+##
#####......#....@oO.#Z.......#
...........#...Z.)..#........#
...........#....Z.3.#........+
...........##########....#####
.....Z......# ...[........#
#...#.......# .............#
#...#.......# .............#
#...#.......# .............#
#...#.......# .............#


You could see Erolcha (invisible), an orc warrior (ally target), an orc wizard
(invisible), an orc, a friendly sun demon (summoned), a friendly orc zombie and
a friendly orc priest zombie.

Vanquished Creatures
  2 trolls (D:9)
  Grinder (D:4)
  A hornet (D:9)
  Sigmund (D:4)
  A wyvern (D:9)
  4 yaks (D:8)
  Duvessa (D:5)
  An acid dragon (D:8)
  3 orc warriors
  3 ice beasts
  2 black bears
  2 ogres (D:6)
  A centaur (D:6)
  3 bullfrogs (D:7)
  2 scorpions
  2 water moccasin zombies (Ossuary)
  6 wights
  Dowan (D:5)
  3 killer bees (D:9)
  A howler monkey (D:8)
  2 hounds
  2 orc priests (D:9)
  4 jellies
  4 sleepcaps
  3 iguanas
  6 orc wizards
  2 mummies
  10 gnolls
  4 adders
  A shadow imp (D:7)
  An ufetubus (D:5)
  9 adder zombies (Ossuary)
  A worm (D:4)
  2 dart slugs
  29 orcs
  8 endoplasms
  7 giant cockroaches
  4 gnoll zombies (Ossuary)
  8 hobgoblins
  5 jackals
  14 kobolds
  2 quokkas
  12 ball pythons
  6 bats
  4 frilled lizards
  7 goblins
  5 hobgoblin zombies (Ossuary)
  4 kobold zombies (Ossuary)
  4 orc zombies (Ossuary)
  5 rats
216 creatures vanquished.

Vanquished Creatures (collateral kills)
  2 orc warriors
  A centaur (D:6)
  A gnoll sergeant (D:5)
  A water moccasin zombie (Ossuary)
  2 wights (D:8)
  A howler monkey (D:9)
  An orc priest (D:5)
  An orc wizard (D:9)
  A mummy (Ossuary)
  2 gnolls (D:5)
  2 orcs
  An endoplasm (D:3)
  A jackal (D:2)
  A bat (D:2)
  A kobold (D:1)
19 creatures vanquished.

Vanquished Creatures (others)
  An orc wizard (D:9)
  A killer bee zombie (D:9)
  3 orc zombies (D:9)
5 creatures vanquished.

Grand Total: 240 creatures vanquished

Notes
Turn   | Place    | Note
-------+----------+-------------------------------------------
     0 | D:1      | BubbleThief the Demonspawn Necromancer began the quest for
                  | the Orb.
     0 | D:1      | Reached XP level 1. HP: 13/13 MP: 3/3
    17 | D:1      | Found Raade's Antique Weapon Boutique.
   203 | D:1      | Gained mutation: A weak demonic guardian rushes to your
                  | aid. [demonic ancestry]
   203 | D:1      | Reached XP level 2. HP: 13/19 MP: 0/5
   456 | D:1      | Reached skill level 5 in Necromancy
   927 | D:1      | Gained mutation: You are partially covered in molten
                  | scales. (AC +2) [demonic ancestry]
   927 | D:1      | Reached XP level 3. HP: 24/24 MP: 3/6
  1399 | D:2      | Learned a level 3 spell: Vampiric Draining
  1467 | D:2      | Reached XP level 4. HP: 30/30 MP: 4/8
  2220 | D:3      | Reached skill level 1 in Fighting
  2220 | D:3      | Gained mutation: Your touch may inflict minor irresistible
                  | damage on your foes. [demonic ancestry]
  2220 | D:3      | Reached XP level 5. HP: 25/37 MP: 0/9
  2226 | D:3      | Reached skill level 1 in Short Blades
  2954 | D:4      | Found a sand-covered staircase.
  2958 | Ossuary  | Entered an ossuary
  3111 | Ossuary  | Reached XP level 6. HP: 44/44 MP: 10/10
  3348 | Ossuary  | HP: 2/46 [mummy (12)]
  3706 | D:4      | Found a sacrificial altar of Ru.
  3739 | D:4      | Reached XP level 7. HP: 50/52 MP: 2/11
  3745 | D:4      | Learned a level 4 spell: Animate Dead
  3900 | D:4      | Noticed Grinder
  3917 | D:4      | Killed Grinder
  4024 | D:4      | Found a basalt altar of Yredelemnul.
  4373 | D:4      | Noticed Sigmund
  4383 | D:4      | Killed Sigmund
  4529 | D:4      | Gained mutation: A demonic guardian rushes to your aid.
                  | [demonic ancestry]
  4529 | D:4      | Reached XP level 8. HP: 61/61 MP: 12/12
  4703 | D:4      | Found a snail-covered altar of Cheibriados.
  4942 | D:5      | Entered Level 5 of the Dungeon
  5123 | D:5      | Noticed Duvessa
  5124 | D:5      | Noticed Dowan
  5128 | D:5      | Killed Duvessa
  5135 | D:5      | Killed Dowan
  5146 | D:5      | Reached skill level 5 in Fighting
  5146 | D:5      | Reached skill level 5 in Dodging
  5371 | D:5      | Reached skill level 5 in Short Blades
  5865 | D:5      | Found a staircase to the Ecumenical Temple.
  5873 | Temple   | Entered the Ecumenical Temple
  5891 | Temple   | Became a worshipper of Kikubaaqudgha
  6086 | D:6      | Identified the +0 robe of the Land of Plenty {*Slow rPois
                  | rC++ SInv}
  6261 | D:6      | Reached XP level 9. HP: 47/69 MP: 1/13
  6676 | D:7      | Identified the +2 leather armour "Hettod" {Fly}
  7241 | D:7      | Identified the +11 short sword of Watchfulness {heavy, rF+
                  | rC+ Str+4}
  7854 | D:8      | Reached * piety under Kikubaaqudgha
  7854 | D:8      | Received a gift from Kikubaaqudgha
  7856 | D:8      | Found an iron altar of Okawaru.
  7900 | D:8      | Found a broken altar of Ashenzari.
  8016 | D:8      | Gained mutation: A powerful demonic guardian rushes to your
                  | aid. [demonic ancestry]
  8016 | D:8      | Reached XP level 10. HP: 59/80 MP: 14/14
  8110 | D:8      | Found an opulent altar of Gozag.
  8174 | D:8      | Identified the +3 ring mail of the Tortured God {+Inv}
  8269 | D:8      | Found a radiant altar of Vehumet.
  8269 | D:8      | Found a shimmering blue altar of Sif Muna.
  8721 | D:9      | Found a shadowy altar of Dithmenos.
  9197 | D:9      | Reached ** piety under Kikubaaqudgha
  9207 | D:9      | Noticed Erolcha
  9234 | D:9      | Mangled by an orc warrior

Illustrated notes

Levels and vault maps discovered:
D:1:      amcnicky_arrival_wind_blow, layout_loops_ring, serial_shops, shop,
          wander_ebering_terrifying_dragon_lair
D:2:      layout_basic
D:3:      layout_loops_corners, minmay_fractal_squares_5
D:4:      layout_gridville, slow_altar_2, nicolae_ru_awakened_eye,
          mainiacjoe_overflow_paths, enter_ossuary_5, uniq_sigmund, uniq_grinder
D:5:      layout_loops_ring, temple_statues, uniq_duvessa
D:6:      layout_rooms, grunt_ministairs_2
D:7:      layout_basic, mainiacjoe_overflow_cross_hatched
D:8:      layout_cave_pools, mainiacjoe_overflow_tiny_flanked,
          okawaru_altar_gauntlet_db, cheibrodos_ashenzari_chains,
          gammafunk_temple_overflow_wave
D:9:      cheibrodos_elevator_heist, layout_grid_maze,
          nicolae_dithmenos_through_a_glass_darkly, david_orc_4, uniq_erolcha
Temple:   hc_temple_tempest_star

Skill      XL: |  1  2  3  4  5  6  7  8  9 10 |
---------------+-------------------------------+-----
Necromancy     | 5 6 |  6.0
Spellcasting   | 3 |  3.0
Fighting       | 1 2 3 4 6 7 8 |  8.5
Dodging        | 2 3 4 5 7 8 |  8.1
Short Blades   | 1 2 4 5 7 |  7.8
Stealth        | |  1.7

Action                     |  1- 3 |  4- 6 |  7- 9 | 10-12 || total
---------------------------+-------+-------+-------+-------++-------
  Melee: Short sword       |     8 |   168 |   254 |    65 ||   495
         Touch             |       |    44 |    59 |    10 ||   113
         Punch             |       |     3 |     4 |     1 ||     8
   Cast: Necrotise         |    61 |    48 |    31 |     1 ||   141
         Vampiric Draining |       |     6 |    11 |     4 ||    21
         Animate Dead      |       |       |       |     3 ||     3
  Evoke: Wand              |       |       |     3 |       ||     3
    Use: Scroll            |       |     5 |     3 |     1 ||     9
   Stab: Distracted        |       |     1 |       |       ||     1
         Sleeping          |       |     5 |     4 |       ||     9
 Armour: Robe              |     4 |    46 |    46 |     4 ||   100
  Dodge: Dodged            |    16 |    79 |   186 |    84 ||   365

Table legend: (Time is in decaauts)
 A = Elapsed time spent in this place.
 B = Non-inter-level travel time spent in this place.
 C = Inter-level travel time spent in this place.
 D = Time resting spent in this place.
 E = Time spent auto-exploring this place.
 F = Levels seen in this place.
 G = Mean time per level.
                   A        B        C        D        E       F      G
               +--------+--------+--------+--------+--------+-----+--------+
         Total |   9162 |   8887 |    275 |    236 |   7131 |  11 |  832.9 |
       Dungeon |   8538 |   8271 |    267 |    236 |   6725 |   9 |  948.7 |
        Temple |     28 |     20 |      8 |      0 |     11 |   1 |   28.0 |
       Ossuary |    595 |    595 |      0 |      0 |    395 |   1 |  595.0 |
               +--------+--------+--------+--------+--------+-----+--------+

Top non-repeatable levels by time:
     D:4: 1395 daAuts
     D:1: 1255 daAuts
     D:7: 1124 daAuts
     D:5: 1031 daAuts
     D:3: 922 daAuts
     D:9: 785 daAuts
     D:2: 756 daAuts
     D:6: 635 daAuts
     D:8: 632 daAuts
 Ossuary: 595 daAuts
  Temple: 28 daAuts
